[Event "Titled Tuesday Blitz July 25 Early 2023"]
[White "Romero Arzuaga, Yudel"]
[Black "Pasti, Aron"]
[WhiteFideId "3521010"]
[BlackFideId "785857"]
[WhiteElo "2303"]
[BlackElo "2458"]
[Result "1-0"]
[Round "8"]
[TimeControl "180+2"]
[Date "2023.07.25"]
[WhiteClock "0:00:35"]
[BlackClock "0:00:25"]
[Board "140"]

1. d4 d5 2. Nf3 Nf6 3. Bf4 c5 4. e3 Nc6 5. Be2 Qb6 6. O-O Qxb2 7. Nbd2 cxd4 8. Rb1 Qxa2 9. exd4 e6 10. c4 Be7 11. Ne5 Nxd4 12. cxd5 Nxd5 13. Bc4 Qc2 14. Bb5+ Kf8 15. Qh5 Qf5 16. Qxf5 Nxf5 17. Bg3 Nxg3 18. hxg3 Nc3 19. Rb3 Nxb5 20. Rxb5 a6 21. Ra1 Bf6 22. f4 Bd7 23. Rxb7 Bxe5 24. fxe5 Bc6 25. Rb6 Bd5 26. Rbxa6 Rxa6 27. Rxa6 g6 28. Nf3 Kg7 29. Ra7 Rc8 30. Ng5 Rf8 31. Nf3 h6 32. Nd4 Rc8 33. Nb5 Rc1+ 34. Kf2 Bc4 35. Nd6 Rf1+ 36. Ke3 Bd5 37. Ke2 Bxg2 38. Ne8+ Kf8 39. Nf6 Rf5 40. Kd2 Rxe5 41. Nd7+ Ke7 42. Nxe5+ Kf6 43. Nd3 Bd5 44. Ke3 g5 45. Nc5 h5 46. Nd7+ Kf5 47. Nb6 f6 48. Nxd5 exd5 49. Rd7 Kg4 50. Kf2 f5 51. Rxd5 f4 52. gxf4 gxf4 53. Rd8 h4 54. Rg8+ Kh3 55. Rh8 Kg4 56. Kg2 f3+ 57. Kf2 h3 58. Rg8+ Kh4 59. Kxf3 h2 60. Rh8+ Kg5 61. Rxh2 1-0


[Site "https://www.chess.com"]

[Event "Titled Tuesday Blitz July 25 Early 2023"]
[White "ExchangeAB"]
[Black "Senft, Sean"]
[BlackFideId "2044960"]
[WhiteElo "2456"]
[BlackElo "2302"]
[Result "1-0"]
[Round "8"]
[TimeControl "180+2"]
[Date "2023.07.25"]
[WhiteClock "0:01:42"]
[BlackClock "0:02:08"]
[Board "141"]

1. d4 d5 2. Nc3 c6 3. e4 dxe4 4. Nxe4 Nf6 5. Nxf6+ exf6 6. Bc4 g6 7. Nf3 Bg7 8. Qe2+ Qe7 9. Qxe7+ Kxe7 10. c3 Be6 11. Bb3 Nd7 12. Bf4 Rhe8 13. Kd2 Kf8 14. Bd6+ Kg8 15. Bf4 Nb6 16. Rhe1 a6 17. Kc2 Bxb3+ 18. axb3 Nd5 19. Bd2 Bf8 20. Rxe8 Rxe8 21. Re1 Rxe1 22. Nxe1 Bd6 23. g3 h5 24. Nd3 h4 25. c4 Ne7 26. Bb4 Bxb4 27. Nxb4 h3 28. Nd3 Nf5 29. Kc3 Nh6 30. Nf4 Ng4 31. Nxh3 Nxf2 32. Nxf2 1-0


[Site "https://www.chess.com"]

[Event "Titled Tuesday Blitz July 25 Early 2023"]
[White "Ljukin, Sergei"]
[Black "Araujo Filho, Luiz Antonio Coel"]
[WhiteFideId "14102200"]
[BlackFideId "2130661"]
[WhiteElo "2452"]
[BlackElo "2289"]
[Result "1-0"]
[Round "8"]
[TimeControl "180+2"]
[Date "2023.07.25"]
[WhiteClock "0:00:03"]
[BlackClock "0:00:02"]
[Board "142"]

1. e4 c6 2. d4 d5 3. e5 Bf5 4. Nd2 h5 5. Nb3 e6 6. Nf3 Nd7 7. Be2 Ne7 8. O-O Qc7 9. Be3 Ng6 10. Rc1 Be7 11. a4 h4 12. h3 O-O 13. a5 f6 14. exf6 Bxf6 15. c4 Nf4 16. Bxf4 Qxf4 17. Bd3 g5 18. Bxf5 Qxf5 19. cxd5 exd5 20. a6 bxa6 21. Rxc6 g4 22. hxg4 Qxg4 23. Nfd2 Qg5 24. Qf3 Bxd4 25. Qh3 Bxf2+ 26. Rxf2 Rxf2 27. Kxf2 Rf8+ 28. Nf3 Ne5 29. Qe6+ Kh8 30. Nd2 Ng4+ 31. Kg1 Qe3+ 32. Qxe3 Nxe3 33. Kf2 Nd1+ 34. Ke1 Nxb2 35. Rxa6 Nd3+ 36. Ke2 Nf4+ 37. Kf2 Re8 38. Rf6 Re2+ 39. Kf1 Rxg2 40. Rxf4 Rg3 41. Rxh4+ Kg7 42. Rd4 Kf6 43. Rxd5 Rg7 44. Ra5 Ke6 45. Kf2 Kd6 46. Ke3 Kc6 47. Kd4 Kb6 48. Ra1 a6 49. Nc4+ Kb5 50. Rb1+ Kc6 51. Nfe5+ Kc7 52. Ra1 Rh7 53. Rxa6 Rh4+ 54. Kc5 Rh5 55. Ra7+ Kd8 56. Kd5 Kc8 57. Nd6+ Kd8 58. Ra6 Kc7 59. Rc6+ Kd8 60. Rc4 Ke7 61. Rc7+ Kd8 62. Rd7# 1-0


[Site "https://www.chess.com"]

[Event "Titled Tuesday Blitz July 25 Early 2023"]
[White "laimis61"]
[Black "Padmini, Rout"]
[BlackFideId "5029295"]
[WhiteElo "2296"]
[BlackElo "2451"]
[Result "0-1"]
[Round "8"]
[TimeControl "180+2"]
[Date "2023.07.25"]
[WhiteClock "0:00:00"]
[BlackClock "0:00:05"]
[Board "143"]

1. e4 c5 2. Nf3 d6 3. d4 cxd4 4. Nxd4 Nf6 5. Nc3 Nc6 6. Bg5 e6 7. Qd2 Be7 8. O-O-O a6 9. f3 Bd7 10. Kb1 b5 11. Nxc6 Bxc6 12. h4 Rc8 13. g4 h6 14. Be3 Qa5 15. Bd3 b4 16. Ne2 d5 17. e5 Nd7 18. Bd4 Nc5 19. f4 Nxd3 20. cxd3 Qb5 21. h5 a5 22. g5 a4 23. g6 fxg6 24. Rhg1 g5 25. fxg5 hxg5 26. Rxg5 Bxg5 27. Qxg5 Rc7 28. Qg6+ Kd8 29. Qxe6 Bd7 30. Qg6 Kc8 31. e6 Be8 32. Qg5 Rxh5 33. Qg3 Rh6 34. Be5 Re7 35. Rc1+ Kb7 36. Nd4 Qb6 37. Qf4 Rhxe6 38. Nxe6 Qxe6 39. d4 Bg6+ 40. Ka1 b3 41. Qd2 Qb6 42. Qg5 Rf7 43. Qg4 Bc2 44. Qh5 Rd7 45. Qh8 Qa7 46. Qe8 Ka6 47. Qe6+ Kb5 48. Qg4 Qb7 49. Qe2+ Kb6 50. Qd2 Qc6 51. Qb4+ Qb5 52. Qf8 Kb7 53. Qb8+ Ka6 54. Qa8+ Ra7 55. Qc8+ Qb7 56. Qe6+ Qb6 57. Qxd5 Rb7 58. Qc4+ Qb5 59. Qe6+ Ka7 60. Qc8 a3 61. d5 axb2+ 62. Bxb2 Qb6 0-1


[Site "https://www.chess.com"]

[Event "Titled Tuesday Blitz July 25 Early 2023"]
[White "Herzog2012"]
[Black "Fernandez Bustamante, Leancy B."]
[BlackFideId "3523870"]
[WhiteElo "2445"]
[BlackElo "2287"]
[Result "1-0"]
[Round "8"]
[TimeControl "180+2"]
[Date "2023.07.25"]
[WhiteClock "0:00:22"]
[BlackClock "0:00:00"]
[Board "144"]

1. e4 c5 2. Nf3 a6 3. Nc3 b5 4. d4 cxd4 5. Nxd4 Bb7 6. Bd3 Nc6 7. Nxc6 Bxc6 8. O-O d6 9. a4 b4 10. Nd5 a5 11. Bg5 h6 12. Bh4 g5 13. Bg3 Bg7 14. Bb5 Bxb5 15. axb5 Bxb2 16. b6 Kf8 17. Ra2 Bg7 18. Qd3 Nf6 19. Qb5 Nxe4 20. Rxa5 Rxa5 21. Qxa5 e6 22. b7 Qe8 23. Qa8 exd5 24. Qxe8+ Kxe8 25. b8=Q+ Ke7 26. Qxb4 Rd8 27. f3 Nc5 28. Re1+ Kd7 29. Qb5+ Kc8 30. Qc6+ Kb8 31. Rb1+ 1-0


[Site "https://www.chess.com"]

[Event "Titled Tuesday Blitz July 25 Early 2023"]
[White "Rakitic2010"]
[Black "Xavier_mompel"]
[WhiteElo "2442"]
[BlackElo "2275"]
[Result "0-1"]
[Round "8"]
[TimeControl "180+2"]
[Date "2023.07.25"]
[WhiteClock "0:00:22"]
[BlackClock "0:00:22"]
[Board "145"]

1. e4 c5 2. Nf3 e6 3. c4 Nc6 4. d4 cxd4 5. Nxd4 Qb6 6. Nb5 Bc5 7. Nd6+ Ke7 8. Be3 Bxe3 9. fxe3 Qxb2 10. Nxc8+ Rxc8 11. Nd2 Nf6 12. Be2 Qc3 13. O-O Qxe3+ 14. Kh1 Nd4 15. Bf3 Nxf3 16. Rxf3 Qd4 17. Rb1 Ng4 18. Qe2 Ne5 19. Rg3 g6 20. Rxb7 Rxc4 21. Rb1 Rc2 22. Rd1 Rhc8 23. Qe1 Nd3 24. Qe3 Qxe3 25. Rxe3 Nf2+ 26. Kg1 Nxd1 27. h4 Nxe3 28. h5 Rxd2 29. Kh2 Rxg2+ 30. Kh3 Rc1 31. Kh4 Rh1# 0-1


[Site "https://www.chess.com"]

[Event "Titled Tuesday Blitz July 25 Early 2023"]
[White "Vivas Zamora, Fabian Ernesto"]
[Black "Torres Hernandez, Leslie Carolin"]
[WhiteFideId "3902480"]
[BlackFideId "8400504"]
[WhiteElo "2442"]
[BlackElo "2271"]
[Result "0-1"]
[Round "8"]
[TimeControl "180+2"]
[Date "2023.07.25"]
[WhiteClock "0:00:01"]
[BlackClock "0:00:35"]
[Board "146"]

1. e4 c5 2. Nf3 d6 3. d4 cxd4 4. Nxd4 Nf6 5. Nc3 a6 6. h3 e5 7. Nb3 h5 8. Bg5 Be7 9. Qf3 Nc6 10. O-O-O Be6 11. Kb1 Qc7 12. Bxf6 Bxf6 13. Nd5 Bxd5 14. exd5 Nb8 15. c4 Nd7 16. Bd3 O-O-O 17. Bf5 Kb8 18. Bxd7 Rxd7 19. Qe4 Qb6 20. f3 Rc8 21. Rc1 Bg5 22. Rc2 g6 23. c5 Qb5 24. Rd1 f5 25. Qe1 Bf6 26. Rdc1 Bg5 27. Rd1 Bf6 28. Rdc1 Qd3 29. cxd6 Rxc2 30. Rxc2 Rxd6 31. Qb4 Qxd5 32. a3 Be7 33. Rd2 Qc6 34. Nc5 Rxd2 35. Qxd2 Bxc5 0-1


[Site "https://www.chess.com"]

[Event "Titled Tuesday Blitz July 25 Early 2023"]
[White "Vemparala, Nikash"]
[Black "Avazkhonov, Alikhon"]
[WhiteFideId "30960967"]
[BlackFideId "14208504"]
[WhiteElo "2270"]
[BlackElo "2440"]
[Result "1-0"]
[Round "8"]
[TimeControl "180+2"]
[Date "2023.07.25"]
[WhiteClock "0:00:09"]
[BlackClock "0:00:00"]
[Board "147"]

1. e4 c5 2. Nf3 d6 3. d4 cxd4 4. Nxd4 Nf6 5. Nc3 a6 6. f3 e5 7. Nb3 h5 8. Be3 Be6 9. Nd5 Bxd5 10. exd5 Nbd7 11. Qd2 b5 12. a4 bxa4 13. Rxa4 Nb6 14. Rxa6 Rxa6 15. Bxa6 Nbxd5 16. Bb5+ Ke7 17. Na5 Qc7 18. Nc6+ Ke6 19. Bf2 g6 20. c4 Nf4 21. g3 Nh3 22. Be3 g5 23. c5 d5 24. Rf1 Bh6 25. b4 Qb7 26. Ba4 Ra8 27. Na5 Rxa5 28. bxa5 d4 29. Qa2+ Nd5 30. Bb3 Qb4+ 31. Bd2 Qxc5 32. Bxd5+ Qxd5 33. Qxd5+ Kxd5 34. Ke2 Bf8 35. a6 Bc5 36. Rb1 g4 37. fxg4 hxg4 38. Rb7 e4 39. Rb5 Kc6 40. Rxc5+ Kxc5 41. a7 Ng1+ 42. Kf1 Nf3 43. a8=Q Nxd2+ 44. Ke2 Nf3 45. Qxe4 1-0


[Site "https://www.chess.com"]

[Event "Titled Tuesday Blitz July 25 Early 2023"]
[White "Bendayan Claros, Aaron"]
[Black "Smietanska, Wiktoria"]
[WhiteFideId "3803392"]
[BlackFideId "21869359"]
[WhiteElo "2434"]
[BlackElo "2244"]
[Result "1-0"]
[Round "8"]
[TimeControl "180+2"]
[Date "2023.07.25"]
[WhiteClock "0:00:32"]
[BlackClock "0:00:00"]
[Board "148"]

1. d4 Nf6 2. Nf3 g6 3. Nbd2 d5 4. e3 Bg7 5. b4 O-O 6. c4 c6 7. b5 Nbd7 8. a4 Qc7 9. Ba3 Re8 10. Rc1 cxb5 11. cxb5 Qa5 12. Be2 Ne4 13. Qb3 Nb6 14. Bb4 Qxa4 15. Qxa4 Nxa4 16. Nxe4 dxe4 17. Ng5 Nb6 18. Nxe4 Nd5 19. Ba3 a6 20. bxa6 bxa6 21. O-O Bd7 22. Rc5 e6 23. Ra5 Nc7 24. Nd6 Red8 25. Bf3 Rab8 26. Nb7 Rdc8 27. Bd6 Bf8 28. Bg3 Bb4 29. Ra2 Ra8 30. h4 Nd5 31. Rfa1 Bb5 32. Nd6 Bxd6 33. Bxd6 Rc3 34. Ra5 Rb3 35. Bc5 Rc8 36. g3 Kg7 37. Bg2 f5 38. Bf1 1-0


[Site "https://www.chess.com"]

[Event "Titled Tuesday Blitz July 25 Early 2023"]
[White "Kiseleva, Arina"]
[Black "Zheenbekov, Nurgazy"]
[WhiteFideId "4164989"]
[BlackFideId "13800485"]
[WhiteElo "2229"]
[BlackElo "2432"]
[Result "1-0"]
[Round "8"]
[TimeControl "180+2"]
[Date "2023.07.25"]
[WhiteClock "0:00:05"]
[BlackClock "0:00:32"]
[Board "149"]

1. d4 c5 2. e3 Nf6 3. Nf3 cxd4 4. exd4 g6 5. h3 Bg7 6. Bd3 O-O 7. c3 d5 8. O-O Nc6 9. Re1 Bf5 10. Bxf5 gxf5 11. Bf4 e6 12. Ne5 Ne4 13. Nd2 Nxe5 14. Bxe5 Bxe5 15. dxe5 Qb6 16. Nxe4 dxe4 17. Qh5 Kh8 18. Re3 Rg8 19. Qxf7 Raf8 20. Qe7 f4 21. Rxe4 Rf5 22. Rd1 Rfg5 23. Qf6+ R5g7 24. Rxf4 Qc7 25. Rg4 a6 26. Rxg7 Qxg7 27. Rd7 Qxf6 28. exf6 Rf8 29. f7 Kg7 30. Rxb7 Rd8 31. Ra7 Rd2 32. b4 Rxa2 33. b5 Rc2 34. bxa6 Rxc3 35. Rb7 Ra3 36. a7 Ra2 37. Kh2 e5 38. Kg3 h6 39. Kf3 h5 40. Ke4 Ra5 41. f8=Q+ Kxf8 42. Rb8+ 1-0


[Site "https://www.chess.com"]

[Event "Titled Tuesday Blitz July 25 Early 2023"]
[White "Ganiev, Roman"]
[Black "Tarasova, Viktoriya"]
[WhiteFideId "4131452"]
[BlackFideId "4175840"]
[WhiteElo "2587"]
[BlackElo "2382"]
[Result "1-0"]
[Round "8"]
[TimeControl "180+2"]
[Date "2023.07.25"]
[WhiteClock "0:00:14"]
[BlackClock "0:00:08"]
[Board "150"]

1. e4 e5 2. Nf3 Nc6 3. Bc4 Bc5 4. O-O d6 5. c3 Nf6 6. d3 a5 7. a4 h6 8. h3 Ba7 9. Be3 Bxe3 10. fxe3 O-O 11. Nbd2 Be6 12. Qe2 Qd7 13. Nh4 Nh7 14. Nf5 Kh8 15. Qg4 Rg8 16. Bxe6 Qxe6 17. Qh4 Rae8 18. d4 Ne7 19. d5 Qd7 20. Qg4 Qd8 21. Rf2 Nxf5 22. Qxf5 Rgf8 23. Raf1 Qe7 24. Qh5 Kg8 25. Rf3 Qg5 26. Qxg5 Nxg5 27. Rf5 f6 28. h4 Nf7 29. Nc4 b6 30. Na3 Rc8 31. Nb5 Rfe8 32. c4 Re7 33. b3 Rd7 34. R5f3 Re8 35. Rg3 Kh7 36. Nc3 Nh8 37. Rgf3 Ng6 38. Rh3 Rde7 39. Ne2 Rd7 40. Ng3 Nh8 41. Nf5 g6 42. Ng3 Rf7 43. h5 Ref8 44. hxg6+ Nxg6 45. Nf5 Ne7 46. Rxh6+ Kg8 47. Nxe7+ Rxe7 48. Rg6+ Rg7 49. Rgxf6 Rxf6 50. Rxf6 Rg4 51. Re6 Rxe4 52. Kf2 Kf7 53. Rh6 Rg4 54. Rh7+ Rg7 55. Rxg7+ Kxg7 56. Kf3 Kg6 57. Kg4 Kf6 58. g3 Kg6 59. e4 Kf6 60. Kh5 Kf7 61. g4 Kg7 62. Kg5 Kf7 63. Kf5 Ke7 64. g5 Kf7 65. g6+ Kg7 66. Kg5 Kg8 67. Kf6 Kf8 68. Ke6 Kg7 69. Kd7 Kxg6 70. Kxc7 Kg5 71. Kxd6 Kf4 72. Ke6 Kxe4 73. d6 Kf4 74. d7 e4 75. d8=Q 1-0


[Site "https://www.chess.com"]

[Event "Titled Tuesday Blitz July 25 Early 2023"]
[White "Topalov, Aleksandar"]
[Black "Altman, Joshua"]
[WhiteFideId "925659"]
[BlackFideId "426210"]
[WhiteElo "2365"]
[BlackElo "2519"]
[Result "1-0"]
[Round "8"]
[TimeControl "180+2"]
[Date "2023.07.25"]
[WhiteClock "0:00:28"]
[BlackClock "0:00:00"]
[Board "151"]

1. b3 d5 2. Bb2 Bg4 3. g3 Nf6 4. Bg2 e6 5. Nf3 Bd6 6. O-O O-O 7. d3 c6 8. Nbd2 Nbd7 9. h3 Bh5 10. g4 Bg6 11. Nh4 Nxg4 12. Nxg6 fxg6 13. hxg4 Qh4 14. f4 Bxf4 15. Rxf4 Rxf4 16. Nf3 Qxg4 17. e3 Rf7 18. Ne5 Nxe5 19. Bxe5 Qf5 20. Bg3 Raf8 21. Qe2 Qg5 22. Kh2 h5 23. Qe1 h4 24. Bxh4 Qh5 25. Kg1 g5 26. Bg3 Qg4 27. Kh2 Rf6 28. Kg1 e5 29. e4 d4 30. Bh2 Rh6 31. Qg3 Qe2 32. Qxe5 Rf2 33. Qg3 g4 34. Rf1 Rxf1+ 35. Bxf1 Qxc2 36. e5 Re6 37. Qxg4 Kf7 38. Bg3 Ke7 39. Qxg7+ Kd8 40. Qg8+ Kd7 41. Bh3 Qd1+ 42. Kg2 Qe2+ 43. Bf2 1-0


[Site "https://www.chess.com"]

[Event "Titled Tuesday Blitz July 25 Early 2023"]
[White "Andrews, Todd"]
[Black "Terletsky, Oleg"]
[WhiteFideId "2012456"]
[BlackFideId "14116774"]
[WhiteElo "2350"]
[BlackElo "2505"]
[Result "0-1"]
[Round "8"]
[TimeControl "180+2"]
[Date "2023.07.25"]
[WhiteClock "0:00:11"]
[BlackClock "0:00:09"]
[Board "152"]

1. e4 e5 2. Nf3 Nc6 3. Nc3 Nf6 4. Bb5 Bb4 5. d3 Nd4 6. Bc4 d6 7. O-O Bg4 8. Kh1 Nh5 9. Be3 Bxf3 10. gxf3 Qh4 11. Bxd4 exd4 12. Nd5 Ba5 13. b4 Bb6 14. Rg1 Qxf2 15. Rg5 g6 16. Qf1 Qxf1+ 17. Rxf1 c6 18. Nxb6 axb6 19. f4 f6 20. Rg2 Ra4 21. f5 g5 22. Rb1 Nf4 23. Rf2 Ke7 24. Rd2 Rha8 25. Kg1 b5 26. Bb3 Rxb4 27. Kf2 c5 28. Kf3 Ra3 29. h4 h5 30. hxg5 fxg5 31. Rg1 Kf6 32. e5+ dxe5 33. Ke4 c4 34. dxc4 bxc4 35. c3 cxb3 36. cxb4 bxa2 37. Re1 a1=Q 38. Rxa1 Re3# 0-1


[Site "https://www.chess.com"]

[Event "Titled Tuesday Blitz July 25 Early 2023"]
[White "To, Nhat Minh"]
[Black "Wernberg, Hugo"]
[WhiteFideId "729019"]
[BlackFideId "1737511"]
[WhiteElo "2498"]
[BlackElo "2347"]
[Result "1-0"]
[Round "8"]
[TimeControl "180+2"]
[Date "2023.07.25"]
[WhiteClock "0:01:02"]
[BlackClock "0:00:00"]
[Board "153"]

1. e4 e5 2. Nf3 Nc6 3. Bb5 a6 4. Ba4 Nf6 5. O-O Nxe4 6. d4 b5 7. Bb3 d5 8. dxe5 Be6 9. Nbd2 Be7 10. c3 O-O 11. Bc2 f5 12. Nb3 Qd7 13. Nbd4 Nxd4 14. Nxd4 c5 15. Nxe6 Qxe6 16. f3 Ng5 17. Bxg5 Bxg5 18. f4 Be7 19. a4 Rad8 20. axb5 axb5 21. Qe2 c4 22. Kh1 d4 23. cxd4 Rxd4 24. Rad1 Rfd8 25. Rxd4 Rxd4 26. b3 cxb3 27. Qxb5 Kh8 28. Bxb3 Qg6 29. Qb7 Qe8 30. Rc1 h6 31. g3 Rd2 32. Rc8 Bd8 33. Qf7 Rd1+ 34. Kg2 Rd2+ 35. Kh3 Qxf7 36. Bxf7 Kh7 37. e6 Bf6 38. Bg8+ Kg6 39. Rc5 1-0


[Site "https://www.chess.com"]

[Event "Titled Tuesday Blitz July 25 Early 2023"]
[White "Sriniaiyer, Sudarshan"]
[Black "Womacka, Mathias"]
[WhiteFideId "30937213"]
[BlackFideId "4611390"]
[WhiteElo "2347"]
[BlackElo "2498"]
[Result "0-1"]
[Round "8"]
[TimeControl "180+2"]
[Date "2023.07.25"]
[WhiteClock "0:00:05"]
[BlackClock "0:00:30"]
[Board "154"]

1. c4 c5 2. Nf3 Nf6 3. d4 cxd4 4. Nxd4 e6 5. Nc3 Bb4 6. Qd3 O-O 7. a3 Be7 8. g3 Nc6 9. Nxc6 dxc6 10. Qxd8 Rxd8 11. Bg2 e5 12. O-O Be6 13. b3 Nd7 14. Be3 a5 15. Rfd1 Nc5 16. Rab1 Rxd1+ 17. Nxd1 Rd8 18. Nc3 f5 19. Kf1 e4 20. Ke1 Kf7 21. Bd2 a4 22. Nxa4 Nxa4 23. bxa4 Rd7 24. Bb4 Bxc4 25. Bxe7 Kxe7 26. g4 g6 27. Bh3 Kf6 28. a5 Ba6 29. Rd1 Rd5 30. Rxd5 cxd5 31. gxf5 gxf5 32. e3 Ke5 33. Kd2 h6 34. Kc3 f4 35. Bc8 f3 36. Bd7 Kd6 37. Be8 Kc5 38. Bf7 Bb5 39. Kb3 d4 40. exd4+ Kxd4 41. Bh5 e3 0-1


[Site "https://www.chess.com"]

[Event "Titled Tuesday Blitz July 25 Early 2023"]
[White "Alahakoon, Isuru"]
[Black "Shturman, Arseniy"]
[WhiteFideId "9900993"]
[BlackFideId "34275797"]
[WhiteElo "2345"]
[BlackElo "2489"]
[Result "0-1"]
[Round "8"]
[TimeControl "180+2"]
[Date "2023.07.25"]
[WhiteClock "0:00:00"]
[BlackClock "0:01:57"]
[Board "155"]

1. Nf3 g6 2. d4 Bg7 3. Bf4 d6 4. Nc3 Nd7 5. Qd2 a6 6. e4 b5 7. O-O-O Bb7 8. h4 b4 9. Nd5 a5 10. h5 e6 11. h6 Bf8 12. Ne3 Bxe4 13. Ng5 Bb7 14. Ng4 Ngf6 15. Nxf6+ Nxf6 16. Bb5+ c6 17. Bc4 Qd7 18. Rhe1 Nd5 19. Ne4 O-O-O 20. a3 Nxf4 21. Qxf4 d5 22. Nf6 Qc7 23. Qxc7+ Kxc7 24. Bd3 Bxh6+ 25. Kb1 bxa3 26. bxa3 Bg7 27. Ng4 Bxd4 28. Bxg6 Bxf2 29. Nxf2 hxg6 30. Nd3 Kd6 31. Rf1 f5 32. Nf4 g5 33. Nh3 g4 34. Nf4 Ba6 35. Rfe1 e5 36. Ng6 Rhe8 37. Rh1 Re6 38. Nh4 Rf6 39. c3 Bc4 40. Kc2 f4 41. Rb1 e4 42. Rb7 Rd7 43. Rb8 Bd3+ 44. Kd2 Bc4 45. Rg8 e3+ 46. Kc2 f3 47. Rxg4 f2 48. Nf3 e2 0-1


[Site "https://www.chess.com"]

[Event "Titled Tuesday Blitz July 25 Early 2023"]
[White "Szente Varga, Fruzsina"]
[Black "Mei, Austin"]
[WhiteFideId "712264"]
[BlackFideId "30948479"]
[WhiteElo "2315"]
[BlackElo "2479"]
[Result "0-1"]
[Round "8"]
[TimeControl "180+2"]
[Date "2023.07.25"]
[WhiteClock "0:00:21"]
[BlackClock "0:00:58"]
[Board "156"]

1. e4 e5 2. d4 exd4 3. Qxd4 Nc6 4. Qe3 Nf6 5. Bd2 Be7 6. Nc3 d5 7. exd5 Nxd5 8. Nxd5 Qxd5 9. Bd3 O-O 10. Nf3 Bc5 11. Qg5 Re8+ 12. Kf1 Qxg5 13. Nxg5 h6 14. Ne4 Bb6 15. Re1 Be6 16. a3 Ne5 17. Be2 Rad8 18. Bc3 Bf5 19. Bf3 Nxf3 20. gxf3 Bh3+ 21. Ke2 f5 22. Rhg1 Rd7 23. Rg3 fxe4 24. Rxh3 exf3+ 25. Kf1 Rf8 26. Rg3 Kh7 27. Bb4 c5 28. Bc3 Bc7 29. Rh3 Rff7 30. Re3 Rd1+ 31. Re1 Rxe1+ 32. Kxe1 g5 33. Kd2 Kg6 34. Ke3 g4 35. Rg3 Bxg3 36. hxg3 Kf5 37. Kd3 b5 38. Bd2 Rd7+ 39. Kc3 b4+ 40. axb4 cxb4+ 0-1


[Site "https://www.chess.com"]

[Event "Titled Tuesday Blitz July 25 Early 2023"]
[White "Tsyhanchuk, Stanislav"]
[Black "LangesNasenhaar"]
[WhiteFideId "13505130"]
[WhiteElo "2314"]
[BlackElo "2477"]
[Result "0-1"]
[Round "8"]
[TimeControl "180+2"]
[Date "2023.07.25"]
[WhiteClock "0:00:00"]
[BlackClock "0:00:04"]
[Board "157"]

1. c4 e6 2. Nc3 d5 3. cxd5 exd5 4. d4 c5 5. Nf3 Nc6 6. Bf4 a6 7. e3 c4 8. Ne5 Nf6 9. Be2 Bb4 10. O-O O-O 11. Nxc6 bxc6 12. Qa4 Qa5 13. Qxc6 Bd7 14. Qc7 Bxc3 15. bxc3 Qxc3 16. Be5 Rac8 17. Qb7 Bc6 18. Qxa6 Ne4 19. Bf3 Nd2 20. Rfc1 Nxf3+ 21. gxf3 Qd3 22. Kg2 Bd7 23. Rg1 Rc6 24. Qb7 Rg6+ 25. Kh1 Be6 26. Rxg6 hxg6 27. Qb1 Qc3 28. Qc1 Qd3 29. a4 c3 30. Bd6 Ra8 31. a5 c2 32. Bb4 Qe2 33. Kg2 Ra6 34. Ra2 Bh3+ 35. Kg3 Bf5 36. e4 dxe4 37. fxe4 Qxe4 38. f3 Qe2 39. Rb2 Rf6 40. Bd2 Bd3 41. Bf4 g5 0-1


[Site "https://www.chess.com"]

[Event "Titled Tuesday Blitz July 25 Early 2023"]
[White "Tikhonov, Viacheslav"]
[Black "Fernandez Siles, Luis"]
[WhiteFideId "44196407"]
[BlackFideId "2209420"]
[WhiteElo "2474"]
[BlackElo "2307"]
[Result "1-0"]
[Round "8"]
[TimeControl "180+2"]
[Date "2023.07.25"]
[WhiteClock "0:00:31"]
[BlackClock "0:00:00"]
[Board "158"]

1. d4 Nf6 2. Bf4 g6 3. e3 Bg7 4. Nf3 O-O 5. Be2 d6 6. O-O c5 7. c3 Be6 8. h3 Nc6 9. Nbd2 Qb6 10. b3 Nd5 11. Nc4 Qd8 12. Rc1 Nxf4 13. exf4 cxd4 14. cxd4 Bd5 15. Ne3 Qa5 16. Nxd5 Qxd5 17. Bc4 Qe4 18. Re1 Qxf4 19. Bd5 Nxd4 20. Rxe7 Nxf3+ 21. Bxf3 Rac8 22. Rxc8 Rxc8 23. g3 Qg5 24. Qe2 Be5 25. Rxb7 Bxg3 26. Bg4 Rc1+ 27. Kg2 Be5 28. Qf3 f5 29. Rxa7 Qf4 30. Qa8+ 1-0


[Site "https://www.chess.com"]

[Event "Titled Tuesday Blitz July 25 Early 2023"]
[White "Ionescu, Mihai"]
[Black "Kohler, Aran"]
[WhiteFideId "1202499"]
[BlackFideId "1002856"]
[WhiteElo "2422"]
[BlackElo "2258"]
[Result "1-0"]
[Round "8"]
[TimeControl "180+2"]
[Date "2023.07.25"]
[WhiteClock "0:00:16"]
[BlackClock "0:00:16"]
[Board "160"]

1. Nf3 g6 2. e4 Bg7 3. d4 d6 4. Bd3 a6 5. O-O e5 6. dxe5 dxe5 7. Bc4 Qxd1 8. Rxd1 Ne7 9. Ng5 O-O 10. Nxf7 Rxf7 11. Rd8+ Bf8 12. Bg5 Nbc6 13. Rd3 Kg7 14. Bxf7 Kxf7 15. Nc3 Be6 16. Nd5 Bxd5 17. exd5 Nb4 18. Rf3+ Kg8 19. c4 Nc2 20. Rc1 Nd4 21. Re3 Bg7 22. Bxe7 Nf5 23. Rb3 Nxe7 24. Rxb7 e4 25. Rxc7 Nf5 26. b3 Bd4 27. g4 Nh4 28. Rd1 Bb6 29. Rc6 e3 30. fxe3 Bxe3+ 31. Kf1 Rf8+ 32. Ke2 Ng2 33. d6 Rf2+ 34. Kd3 Bg5 35. d7 Nf4+ 36. Ke4 Ne6 37. Rxe6 1-0


[Site "https://www.chess.com"]

[Event "Titled Tuesday Blitz July 25 Early 2023"]
[White "Herman, Daniel"]
[Black "Putri, Regita Desyari"]
[WhiteFideId "30935008"]
[BlackFideId "7109083"]
[WhiteElo "2420"]
[BlackElo "2221"]
[Result "0-1"]
[Round "8"]
[TimeControl "180+2"]
[Date "2023.07.25"]
[WhiteClock "0:00:00"]
[BlackClock "0:00:05"]
[Board "161"]

1. Nf3 d5 2. e3 Nf6 3. c4 e6 4. Nc3 Bb4 5. Qc2 O-O 6. a3 Bxc3 7. Qxc3 b6 8. b4 dxc4 9. Bxc4 Ne4 10. Qc2 Bb7 11. Bb2 Nd7 12. O-O c5 13. b5 Ndf6 14. Ne5 Qe7 15. Bd3 Rfd8 16. Nc6 Bxc6 17. bxc6 Nxd2 18. Bxf6 Qxf6 19. Rfd1 c4 20. Bxh7+ Kh8 21. c7 Rd5 22. Rac1 Nb3 23. Be4 Nxc1 24. Rxc1 Rc8 25. Qxc4 Rc5 26. Qf1 R8xc7 27. Rd1 g6 28. g3 Kg7 29. h4 Qb2 30. a4 Rc1 31. Kg2 R7c5 32. Rxc1 Qxc1 33. Qd3 Qc3 34. Qd7 Rc7 35. Qe8 Qf6 36. Bf3 Rc5 37. Qd7 a5 38. Bc6 e5 39. Bb5 e4 40. Qd4 Qxd4 41. exd4 Rd5 42. Kf1 Rxd4 43. Ke2 f5 44. Ke3 Rb4 45. Ke2 Kf6 46. Be8 Rb3 47. Kf1 e3 48. fxe3 Rxe3 49. Kg2 Rxe8 0-1


[Site "https://www.chess.com"]

[Event "Titled Tuesday Blitz July 25 Early 2023"]
[White "Bristy Mukherjee"]
[Black "Kiseljova, Marya"]
[WhiteFideId "25077325"]
[BlackFideId "4155009"]
[WhiteElo "2405"]
[BlackElo "2153"]
[Result "1-0"]
[Round "8"]
[TimeControl "180+2"]
[Date "2023.07.25"]
[WhiteClock "0:02:05"]
[BlackClock "0:01:17"]
[Board "162"]

1. a4 d5 2. d4 Nd7 3. h4 Nb6 4. Nf3 Nf6 5. a5 Nc4 6. b3 Nd6 7. Nc3 c6 8. Bf4 Bf5 9. e3 e6 10. b4 Be7 11. Na4 Nde4 12. Nc5 b6 13. Nb7 Qc8 14. Ba6 Qd7 15. Ne5 Qc8 16. Nd6+ Bxd6 17. Bxc8 Rxc8 18. axb6 axb6 19. f3 Nc3 20. Qd2 Nb5 21. c4 dxc4 22. e4 Bg6 23. Nxc4 Bxf4 24. Qxf4 Nxd4 25. Nd6+ Kd7 26. Ra7+ Rc7 27. Rxc7+ Kxc7 28. Nb5+ Kb7 29. Qc7+ Ka6 30. Nxd4 1-0


[Site "https://www.chess.com"]